 Dungeon Crawl Stone Soup version 0.21.0-3-g78d12a8 (webtiles) character file.

138 Pekeji the Archer (level 5, -1/61 HPs)
             Began as a Centaur Hunter on Jan 15, 2018.
             Slain by a killer bee (3 damage)
             ... on level 4 of the Dungeon.
             The game lasted 00:18:44 (3209 turns).

Pekeji the Archer (Centaur Hunter)                  Turns: 3209, Time: 00:18:45

Health: -1/61      AC: 22    Str: 15    XL:     5   Next: 1%
Magic:  5/5        EV:  1    Int: 10    God:
Gold:   138        SH:  0    Dex: 10    Spells: 4/4 levels left

rFire    . . .     SeeInvis .   b - +0 short sword
rCold    . . .     Gourm    .   (no shield)
rNeg     + + +     Faith    .   (armour currently unavailable)
rPois    +         Spirit   .   (helmet currently unavailable)
rElec    .         Reflect  .   (cloak currently unavailable)
rCorr    .         Harm     .   (gloves currently unavailable)
MR       .....     NoTele   +   (no barding)
Stlth    +.........             (no amulet)
HPRegen  0.20/turn              (no ring)
MPRegen  0.09/turn              (no ring)

@: lethally poisoned (-1 -> -6), tree-form
A: large
a: no special abilities


You were on level 4 of the Dungeon.
You were not hungry.
You were a tree.
You visited 1 branch of the dungeon, and saw 4 of its levels.

You collected 138 gold pieces.

Inventory:

Hand Weapons
 a - a +1 shortbow
 b - a +0 short sword (weapon)
 x - a +0 hunting sling
 B - a +0 blowgun
Missiles
 d - 20 arrows
 p - 63 stones (quivered)
 w - 5 tomahawks of returning
 y - 8 poisoned needles
Armour
 c - a +0 leather armour
 t - a +0 ring mail (melded)
 v - a +0 plate armour
Jewellery
 m - an uncursed amulet of faith
 A - an uncursed ring of positive energy
Scrolls
 e - 6 scrolls of identify
 i - a scroll of noise {unknown}
 k - a scroll of enchant weapon {unknown}
 l - a scroll of amnesia {unknown}
 q - a scroll of teleportation
 r - a scroll of enchant armour {unknown}
 s - a scroll of random uselessness {unknown}
 C - a scroll of remove curse {unknown}
Potions
 j - a potion of invisibility {unknown}
 n - a potion of berserk rage {unknown}
 o - a potion of ambrosia {unknown}
 u - a potion of might {unknown}
 z - a potion of cancellation {unknown}
Comestibles
 f - 6 rations


   Skills:
 - Level 2.0 Fighting
 * Level 8.3 Bows
 - Level 1.4 Dodging
 - Level 0.4 Stealth


You had 4 spell levels left.
You didn't know any spells.

Dungeon Overview and Level Annotations

Branches:
Dungeon (4/15)
 Temple: D:4-7

Altars:
Uskayaw
Zin
The Shining One

Annotations:
D:2 Zigmuuund !!!, Sigmund


Innate Abilities, Weirdness & Mutations

((You have hooves in place of feet.))
((Armour fits poorly on your strangely shaped body.))
((You cover ground very quickly.))
((You have extremely tough skin. (AC +3)))


Message History

You feel sick.
The killer bee stings you but does no damage.
You feel sick.
You feel sick. The killer bee stings you.
* * * LOW HITPOINT WARNING * * *
a - a +1 shortbow (weapon)
The killer bee stings you!
* * * LOW HITPOINT WARNING * * *
You are too injured to fight recklessly!
It was a potion of lignification.
You turn into a tree.
Your +0 ring mail melds into your body.
Your roots penetrate the ground.
* * * LOW HITPOINT WARNING * * *
You feel sick. The killer bee stings you.
* * * LOW HITPOINT WARNING * * *
The killer bee stings you but does no damage.
Really attack while wielding your +1 shortbow?
Okay, then.
b - a +0 short sword (weapon)
The killer bee stings you.
You die...

########## #.<.......
#......... #......... #
##+####### ####.##.##########
..................
###.##.##♣###### #.##y#
############.##.#
.............##.########
########..#####........###...
##.# #.........(..._ #.#
#........##.... #.##
#........# .. # #..#
#........#


You could see a killer bee.

Vanquished Creatures
  2 orc priests (D:3)
  An adder (D:2)
  An ooze (D:1)
  A worm (D:2)
  3 dart slugs
  2 leopard geckos (D:1)
  7 orcs (D:3)
  2 ball pythons
  6 bats
  3 giant cockroaches
  6 goblins
  3 hobgoblins (D:1)
  6 frilled lizards
  4 kobolds
  8 rats
55 creatures vanquished.

Notes
Turn   | Place    | Note
-------+----------+-------------------------------------------
     0 | D:1      | Pekeji the Centaur Hunter began the quest for the Orb.
     0 | D:1      | Reached XP level 1. HP: 17/17 MP: 1/1
   171 | D:1      | Reached XP level 2. HP: 24/24 MP: 2/2
   240 | D:1      | Reached skill level 6 in Bows
   600 | D:1      | Reached XP level 3. HP: 29/29 MP: 3/3
  1146 | D:2      | Reached skill level 7 in Bows
  1651 | D:2      | Noticed Sigmund
  2015 | D:3      | Found a glowing golden altar of the Shining One.
  2157 | D:3      | Reached XP level 4. HP: 36/36 MP: 4/4
  2322 | D:3      | Reached skill level 8 in Bows
  3075 | D:4      | Reached XP level 5. HP: 41/41 MP: 5/5
  3089 | D:4      | Found a glowing silver altar of Zin.
  3090 | D:4      | Noticed an angel
  3192 | D:4      | Found a hide-covered altar of Uskayaw.
  3208 | D:4      | HP: 2/61 [killer bee (4)]
  3209 | D:4      | Slain by a killer bee

Skill      XL: |  1  2  3  4 |
---------------+-------------+-----
Bows           | 6 7 8 |  8.3
Fighting       | |  2.0
Dodging        | |  1.4
Stealth        | |  0.4

Action                   |  1- 3 |  4- 6 || total
-------------------------+-------+-------++-------
Melee: Short sword       |     9 |       ||     9
       Kick              |     1 |       ||     1
 Fire: Hunting sling     |   111 |    41 ||   152
       Shortbow          |     1 |    11 ||    12
  Use: Scroll            |     1 |     2 ||     3
       Potion            |     1 |     1 ||     2
  Eat: Chunk             |     2 |     2 ||     4
Armor: Leather armour    |    11 |       ||    11
       Ring mail         |     3 |    10 ||    13
       Skin              |       |     1 ||     1
Dodge: Dodged            |    14 |    16 ||    30
